 Dungeon Crawl Stone Soup version 0.32-a0-42-ga30500b4d3 (webtiles) character file.

Game seed: 13460297539339470958

5811 cforsyth the Fighter (level 11, -17/87 HPs)
             Began as a Djinni Hedge Wizard on Jan 30, 2024.
             Demolished by Harold
             ... wielding a +0 glaive
              (23 damage)
             ... on level 9 of the Dungeon.
             The game lasted 00:26:26 (12223 turns).

cforsyth the Fighter (Djinni Hedge Wizard)         Turns: 12223, Time: 00:26:27

Health: -17/87     AC:  8    Str: 15    XL:     11   Next: 7%
Gold:   285        EV: 12    Int: 24    God:
                   SH:  0    Dex: 13

rFire   + + .        z - +0 sling of Valiance {flame, rC+}
rCold   . . .        (no shield)
rNeg    . . .        y - +1 leather armour of Inquiry {Int+2}
rPois   ∞            r - +0 helmet of Cueheiv {rElec Int+2 Stlth+}
rElec   +            d - +1 cloak
rCorr   .            o - +0 pair of gloves
SInv    .            (boots unavailable)
Will    +....        (no amulet)
Stlth   +++          l - +6 ring of strength
HPRegen 0.34/turn    (no ring)
MPRegen 0.00/turn

%: infuse magic (-18 HP)
@: flying, studying Staves
A: sickness immunity, fire resistance 2, cold vulnerability 1, float, innate
caster, HP casting, extra vitality 1
a: no special abilities


You were on level 9 of the Dungeon.
You visited 2 branches of the dungeon, and saw 10 of its levels.
You also visited: Sewer.

You collected 445 gold pieces.
You spent 160 gold pieces at shops.

Inventory:

Hand Weapons
 a - the +6 mace "Ziexij" {elec, SInv}
   (You bought it in a shop on level 5 of the Dungeon)

   SInv:      It lets you see invisible.
 z - the +0 sling of Valiance (weapon) {flame, rC+}
   (You found it on level 5 of the Dungeon)

   rC+:       It protects you from cold.
Armour
 d - a +1 cloak (worn)
 o - a +0 pair of gloves (worn)
 r - the +0 helmet of Cueheiv (worn) {rElec Int+2 Stlth+}
   (You found it on level 3 of the Dungeon)

   Int+2:     It affects your intelligence (+2).
   rElec:     It insulates you from electricity.
   Stlth+:    It makes you more stealthy.
 y - the +1 leather armour of Inquiry (worn) {Int+2}
   (You found it on level 4 of the Dungeon)

   Int+2:     It affects your intelligence (+2).
Jewellery
 l - a +6 ring of strength (left hand)
 B - an amulet of faith
 J - a ring of fire
Wands
 m - a wand of flame (69)
 x - a wand of iceblast (1)
 H - a wand of charming (3)
 I - a wand of polymorph (11)
 L - a wand of acid (8)
Scrolls
 e - 3 scrolls of fear {unknown}
 f - 2 scrolls of blinking
 g - 2 scrolls of poison
 h - a scroll of vulnerability {unknown}
 i - a scroll of butterflies {unknown}
 j - a scroll of silence {unknown}
 n - a scroll of immolation {unknown}
 p - 3 scrolls of revelation
 q - 5 scrolls of teleportation {unknown}
 v - a scroll of amnesia {unknown}
 A - 4 scrolls of noise {unknown}
 E - a scroll of fog {unknown}
 F - 2 scrolls of enchant armour {unknown}
 K - a scroll of enchant weapon {unknown}
 M - a scroll of torment {unknown}
Potions
 b - 2 potions of enlightenment {unknown}
 c - a potion of ambrosia {unknown}
 k - 2 potions of attraction
 s - 2 potions of lignification
 t - 3 potions of mutation
 u - 2 potions of heal wounds {unknown}
 w - 3 potions of curing
 C - 2 potions of berserk rage {unknown}
 D - a potion of cancellation {unknown}
 G - a potion of haste {unknown}


   Skills:
 + Level 11.3 Fighting
 - Level 2.5 Dodging
 - Level 1.9 Stealth
 + Level 9.2 Spellcasting
 + Level 9.2 Conjurations
 + Level 9.2 Hexes
 + Level 9.2 Summonings
 + Level 9.2 Necromancy
 + Level 9.2 Translocations
 + Level 9.2 Fire Magic
 + Level 9.2 Ice Magic
 + Level 9.2 Air Magic
 + Level 9.2 Earth Magic
 + Level 9.2 Alchemy


You knew the following spells:

 Your Spells              Type           Power      Damage    Failure   Level
a - Magic Dart            Conj           100%       1d8       1%          1
b - Slow                  Hex            100%       N/A       1%          1
c - Blink                 Tloc           100%       N/A       1%          2
d - Call Imp              Summ           100%       N/A       1%          2
e - Mephitic Cloud        Conj/Alch/Air  53%        N/A       1%          3
f - Kiss of Death         Conj/Necr      100%       2d13      1%          1
g - Static Discharge      Conj/Air       100%       3-8/arc   1%          2
h - Tukima's Dance        Hex            53%        N/A       1%          3
i - Gell's Gravitas       Tloc           53%        N/A       1%          3
j - Leda's Liquefaction   Alch/Erth      26%        N/A       1%          4
Your spell library was empty.

Dungeon Overview and Level Annotations

Branches:
Dungeon (9/15)             Temple (1/1) D:6           Sewer (visited)
   Lair: D:8-11         Orc: D:9-12

Altars:
Cheibriados
Dithmenos
Elyvilon
Fedhas
Hepliaklqana
Makhleb
Okawaru
Qazlal
Ru
Trog
Uskayaw
Wu Jian
Xom
Zin
The Shining One

Shops:
D:4 (   D:5 (   D:6 [

Annotations:
D:8 2 transporters, AlmostDecent's ghost, novice GnIE
D:9 Harold


Innate Abilities, Weirdness & Mutations

You are immune to sickness and miasma.
You are immune to poison.
Your flesh is very heat resistant. (rF++)
You are vulnerable to cold. (rC-)
You float through the air rather than walking.
You learn spells naturally, not from books.
Your magical power is your life essence.
You have superior vitality. (+4 MHP)


Message History

The sling bullet burns the orc warrior.
The orc warrior is heavily wounded.
Your cerulean imp hits the orc warrior from afar with a +1 spear.
The orc warrior is engulfed in noxious fumes.
The orc warrior appears confused.
The orc warrior hits you but does no damage.
You shoot a sling bullet. The sling bullet hits the orc warrior.
The sling bullet burns the orc warrior.
The orc warrior is severely wounded.
Your cerulean imp hits the orc warrior from afar with a +1 spear.
The orc warrior is engulfed in noxious fumes.
The orc warrior appears confused.
The orc warrior closely misses you.
Harold the Weathered comes into view.
He is wielding a +0 glaive and quivering 5 throwing nets.
Your cerulean imp barely misses the orc warrior.
The orc warrior is engulfed in noxious fumes.
The orc warrior appears confused.
The orc warrior hits you with a +0 battleaxe!
You shoot a sling bullet.
The sling bullet hits the orc warrior but does no damage.
The orc warrior is severely wounded.
Your cerulean imp hits the orc warrior but does no damage.
The orc warrior is engulfed in noxious fumes.
The orc warrior appears confused.
The orc warrior hits you with a +0 battleaxe.
You shoot a sling bullet.
The sling bullet barely misses the orc warrior.
The sling bullet hits the orc!
The sling bullet burns the orc.
You kill the orc!
Your cerulean imp hits the orc warrior from afar with a +1 spear.
The orc warrior is engulfed in noxious fumes.
The orc warrior appears confused.
The orc warrior hits you with a +0 battleaxe!
The orc warrior hits itself with a +0 battleaxe.
Your cerulean imp barely misses the orc warrior.
Harold hits you from afar with a +0 glaive!!
* * * LOW HITPOINT WARNING * * *
Your cerulean imp hits the orc warrior but does no damage.
Harold hits you from afar with a +0 glaive!!
You die...
Harold says, "Time to retire."

..≈.≈≈§.§§≈...
#.§.≈_.§≈.≈.#####
#§≈.≈§§≈§§≈.....#
#§§....§.§≈.....
#.≈≈≈≈≈≈≈≈≈.....
#..§........#+###>.
#######.@....°.○...
........5..○☼.).!.
..)......@o)......
##################


You could see Harold, an orc warrior (confused, ally target) and a friendly
cerulean imp (summoned).

Vanquished Creatures
  Pikel (D:8)
  Joseph (D:8)
  6 yaks
  A water moccasin (D:6)
  An ice beast (D:6)
  4 black bears
  An orc warrior (D:6)
  3 sky beasts
  An ogre (D:6)
  A centaur (D:6)
  2 lemures (D:8)
  2 kobold brigands (D:7)
  A phantom (D:4)
  4 bullfrogs
  A scorpion (D:7)
  5 wights
  6 killer bees
  3 howler monkeys
  2 bombardier beetles
  4 orc priests
  A hound (D:5)
  3 iguanas
  2 sleepcaps
  Ijyb (D:4)
  3 orc wizards
  14 adders
  3 gnolls (D:5)
  4 river rats (Sewer)
  A white imp (D:8)
  2 ufetubi (D:6)
  2 dart slugs
  3 ribbon worms
  29 orcs
  15 ball pythons
  8 bats
  5 endoplasms
  6 giant cockroaches
  6 hobgoblins
  9 jackals
  2 quokkas
  3 frilled lizards
  9 goblins
  16 kobolds
  14 rats
211 creatures vanquished.

Vanquished Creatures (collateral kills)
  Jeremiah (D:8)
  2 yaks
  A sky beast (D:6)
  2 bullfrogs
  5 wights
  A bombardier beetle (D:6)
  2 iguanas
  2 adders (Sewer)
  2 river rats (Sewer)
  2 ribbon worms
  An endoplasm (Sewer)
  2 frilled lizards (Sewer)
  A kobold (D:7)
  6 rats (Sewer)
30 creatures vanquished.

Grand Total: 241 creatures vanquished

Notes
Turn   | Place    | Note
-------+----------+-------------------------------------------
     0 | D:1      | cforsyth the Djinni Hedge Wizard began the quest for the
                  | Orb.
     0 | D:1      | cforsyth set off with the following spells memorised: Magic
                  | Dart, Slow, Blink, Call Imp, Mephitic Cloud.
     0 | D:1      | Reached XP level 1. HP: 15/15 MP: 0/0
   311 | D:1      | Found a faded altar of an unknown god.
   508 | D:1      | Reached XP level 2. HP: 20/21 MP: 0/0
  1098 | D:2      | Reached XP level 3. HP: 26/26 MP: 0/0
  1098 | D:2      | Learned a level 1 spell: Kiss of Death
  1420 | D:2      | Reached skill level 1 in Fighting
  1813 | D:2      | Reached XP level 4. HP: 29/32 MP: 0/0
  2274 | D:3      | Reached skill level 2 in Fighting
  2276 | D:3      | Identified the +0 helmet of Cueheiv {rElec Int+2 Stlth+}
  2741 | D:3      | Reached XP level 5. HP: 38/39 MP: 0/0
  2741 | D:3      | Learned a level 2 spell: Static Discharge
  2993 | D:4      | Noticed a bullfrog
  3160 | D:4      | Noticed Ijyb
  3386 | D:4      | Reached skill level 3 in Fighting
  3497 | D:4      | Reached XP level 6. HP: 43/46 MP: 0/0
  3522 | D:4      | Found Loqica's Weapon Emporium.
  3662 | D:4      | Identified the +1 leather armour of Inquiry {Int+2}
  3806 | D:4      | Killed Ijyb
  3807 | D:4      | Reached skill level 4 in Fighting
  4078 | D:5      | Entered Level 5 of the Dungeon
  4105 | D:5      | Reached XP level 7. HP: 34/52 MP: 0/0
  4105 | D:5      | Learned a level 3 spell: Tukima's Dance
  4276 | D:5      | Found Lowkudoimaw's Antique Weapon Shop.
  4294 | D:5      | Bought a smouldering mace for 160 gold pieces
  4294 | D:5      | Identified the +6 mace "Ziexij" {elec, SInv} (You bought it
                  | in a shop on level 5 of the Dungeon)
  4447 | D:5      | Reached skill level 5 in Spellcasting
  4447 | D:5      | Reached skill level 5 in Conjurations
  4447 | D:5      | Reached skill level 5 in Hexes
  4447 | D:5      | Reached skill level 5 in Summonings
  4447 | D:5      | Reached skill level 5 in Necromancy
  4447 | D:5      | Reached skill level 5 in Translocations
  4447 | D:5      | Reached skill level 5 in Fire Magic
  4447 | D:5      | Reached skill level 5 in Ice Magic
  4447 | D:5      | Reached skill level 5 in Air Magic
  4447 | D:5      | Reached skill level 5 in Earth Magic
  4447 | D:5      | Reached skill level 5 in Alchemy
  4508 | D:5      | Identified the +0 sling of Valiance {flame, rC+}
  4524 | D:5      | Reached skill level 5 in Fighting
  5271 | D:4      | Reached XP level 8. HP: 30/61 MP: 0/0
  5542 | D:4      | Found Loqica's Weapon Emporium.
  5805 | D:4      | Reached skill level 6 in Fighting
  5882 | D:5      | Found a hide-covered altar of Uskayaw.
  6154 | D:6      | Found a glowing drain.
  6165 | Sewer    | Entered a sewer
  6731 | Sewer    | Reached skill level 7 in Fighting
  6928 | D:6      | Reached XP level 9. HP: 54/68 MP: 0/0
  6928 | D:6      | Learned a level 3 spell: Gell's Gravitas
  6940 | D:6      | Reached skill level 8 in Fighting
  7153 | D:6      | Found Feppy's Armour Shop.
  7888 | D:6      | Reached skill level 9 in Fighting
  7945 | D:6      | Found a staircase to the Ecumenical Temple.
  7969 | Temple   | Entered the Ecumenical Temple
  8377 | D:7      | Reached XP level 10. HP: 69/78 MP: 0/0
  8624 | D:7      | Reached skill level 10 in Fighting
  9842 | D:8      | Noticed Joseph
  9869 | D:8      | Killed Joseph
  9955 | D:8      | Noticed Jeremiah
 10544 | D:8      | Killed Jeremiah
 10593 | D:8      | Found a snail-covered altar of Cheibriados.
 10619 | D:8      | Noticed Pikel
 10818 | D:8      | Found a transporter.
 10821 | D:8      | Noticed AlmostDecent's ghost (novice GnIE)
 10821 | D:8      | Found the macabre finger necklace {Finger+ rN+}
 10838 | D:8      | Found a transporter.
 11102 | D:8      | Noticed a moth of wrath
 11173 | D:8      | Killed Pikel
 11174 | D:8      | Reached skill level 11 in Fighting
 11548 | D:8      | Reached XP level 11. HP: 58/87 MP: 0/0
 11548 | D:8      | Learned a level 4 spell: Leda's Liquefaction
 12196 | D:9      | Found a stormy altar of Qazlal.
 12220 | D:9      | Noticed Harold
 12223 | D:9      | Demolished by Harold

Illustrated notes

Levels and vault maps discovered:
D:1:      heliophobic_arrival_dark_side_of_the_moon, layout_basic,
          shapermc_ecumenical_altar_mp_highgroup
D:2:      layout_basic
D:3:      layout_basic, serial_park_tiny_2, minmay_vboxes
D:4:      layout_cave_pods, serial_shops, nicolae_take_the_stairs, uniq_ijyb
D:5:      layout_rooms, serial_shops, nicolae_shop_real_fake_doors,
          minmay_ruined_shrine
D:6:      hellmonk_ruined_rings, layout_basic, temple_fountains,
          portal_sewer_entry_d, chequers_serial_rivers_room_a,
          minmay_misc_feat_roman, chequers_serial_rivers_small_3,
          minmay_misc_feat_square, minmay_crystal_room, minmay_shop_grid_forest,
          minmay_manual_mail
D:7:      layout_rooms, minmay_misc_feat_pillars, palyth_stone_intersect
D:8:      layout_loops_cross, slow_altar_1, mainiacjoe_overflow_alcove_4,
          gammafunk_ghost_berserking_beasts, chequers_serial_rivers_room_b,
          minivault_10, uniq_jeremiah, uniq_joseph, uniq_pikel
D:9:      layout_irregular_city, mainiacjoe_overflow_surrounded_room,
          mainiacjoe_overflow_catwalk_spiral, guppyfry_early_elven_hall,
          uniq_harold
Temple:   nicolae_temple_bog_church

Skill      XL: |  1  2  3  4  5  6  7  8  9 10 |
---------------+-------------------------------+-----
Fighting       | 1 2 3 4 5 7 9 11 | 11.3
Spellcasting   | 4 5 6 7 9 |  9.2
Conjurations   | 4 5 6 7 9 |  9.2
Hexes          | 4 5 6 7 9 |  9.2
Summonings     | 4 5 6 7 9 |  9.2
Necromancy     | 4 5 6 7 9 |  9.2
Translocations | 4 5 6 7 9 |  9.2
Fire Magic     | 4 5 6 7 9 |  9.2
Ice Magic      | 4 5 6 7 9 |  9.2
Air Magic      | 4 5 6 7 9 |  9.2
Earth Magic    | 4 5 6 7 9 |  9.2
Alchemy        | 4 5 6 7 9 |  9.2
Dodging        | |  2.5
Stealth        | |  1.9

Action                     |  1- 3 |  4- 6 |  7- 9 | 10-12 || total
---------------------------+-------+-------+-------+-------++-------
  Melee: Dagger            |    10 |     2 |       |       ||    12
         Mace              |       |       |     3 |       ||     3
         Punch             |       |       |     1 |       ||     1
   Fire: Sling             |       |       |   184 |    19 ||   203
   Cast: Magic Dart        |    75 |   154 |   188 |   210 ||   627
         Call Imp          |     2 |     9 |    29 |    24 ||    64
         Mephitic Cloud    |       |     6 |    22 |    16 ||    44
         Static Discharge  |       |     2 |       |       ||     2
         Blink             |       |       |     7 |     2 ||     9
         Slow              |       |       |     1 |       ||     1
         Gell's Gravitas   |       |       |     7 |       ||     7
         Tukima's Dance    |       |       |       |     4 ||     4
  Evoke: Wand              |       |       |     6 |       ||     6
    Use: Scroll            |       |     3 |     5 |       ||     8
 Armour: Robe              |    18 |    30 |       |       ||    48
         Leather armour    |       |     3 |   204 |    84 ||   291
  Dodge: Dodged            |    26 |    34 |   193 |    73 ||   326

Table legend: (Time is in decaauts)
 A = Elapsed time spent in this place.
 B = Non-inter-level travel time spent in this place.
 C = Inter-level travel time spent in this place.
 D = Time resting spent in this place.
 E = Time spent auto-exploring this place.
 F = Levels seen in this place.
 G = Mean time per level.
                   A        B        C        D        E       F      G
               +--------+--------+--------+--------+--------+-----+--------+
         Total |  12325 |  12078 |    247 |   1803 |   8057 |  11 | 1120.5 |
       Dungeon |  11537 |  11302 |    235 |   1650 |   7640 |   9 | 1281.9 |
        Temple |     22 |     10 |     12 |      0 |      0 |   1 |   22.0 |
         Sewer |    765 |    765 |      0 |    153 |    417 |   1 |  765.0 |
               +--------+--------+--------+--------+--------+-----+--------+

Top non-repeatable levels by time:
     D:4: 2240 daAuts
     D:7: 2034 daAuts
     D:8: 1886 daAuts
     D:6: 1281 daAuts
     D:2: 1127 daAuts
     D:5: 1047 daAuts
     D:1: 1006 daAuts
     D:3: 843 daAuts
   Sewer: 765 daAuts
     D:9: 69 daAuts
  Temple: 22 daAuts
